 Dungeon Crawl Stone Soup version bcrawl-1.21.3-2-g9d8a61a446 (webtiles) character file.

Game seed: 15029735363955664552

808 Mehrunes the Chopper (level 7, 0/57 HPs)
             Began as a Demigod Fighter on Apr 16, 2020.
             Succumbed to a worker ant's poison
             ... on level 5 of the Dungeon.
             The game lasted 00:13:02 (5442 turns).

Mehrunes the Chopper (Demigod Fighter)              Turns: 5442, Time: 00:13:03

Health: 0/57       AC:  9    Str: 20    XL:     7   Next: 60%
Magic:  13/14      EV:  5    Int: 16    God:    Demigod [***...]
Gold:   340        SH: 11    Dex: 16    Spells: 6/6 levels left

rFire    . . .     SeeInvis .   a - +0 war axe
rCold    . . .     Gourm    .   c - +1 medium shield
rNeg     . . .     Faith    .   r - +0 chain mail
rPois    .         Spirit   .   (no helmet)
rElec    +         Reflect  .   (no cloak)
rCorr    .         Harm     .   (no gloves)
MR       .....                  (no boots)
Stlth    ..........             l - amulet of regeneration
HPRegen  0.59/turn              m - ring of insulation
MPRegen  0.14/turn              (no ring)

@: lethally poisoned (0 -> -1)
A: high mp 1
a: Temporal Distortion, Growth, Major Destruction


You were on level 5 of the Dungeon.
You worshipped Demigod.
Demigod was most pleased with you.
You were not hungry.

You visited 1 branch of the dungeon, and saw 5 of its levels.
You also visited: Ossuary.

You collected 340 gold pieces.

Inventory:

Hand Weapons
 a - a +0 war axe (weapon)
 h - a +1 dagger of venom
 i - a +0 hunting sling of velocity
Missiles
 j - 259 sling bullets
Armour
 c - a +1 medium shield (worn)
 r - a +0 chain mail (worn)
Jewellery
 l - an amulet of regeneration (around neck)
 m - a ring of insulation (left hand)
Wands
 g - a wand of polymorph (8)
Scrolls
 u - a scroll of remove curse
 w - a scroll of teleportation
 x - a scroll of identify {unknown}
Potions
 b - 2 potions of cancellation
 d - 2 potions of might
 k - a potion of magic {unknown}
 o - a potion of agility {unknown}
 p - a potion of curing {unknown}
 q - a potion of ambrosia {unknown}
 s - a potion of flight
 v - a potion of lignification
Comestibles
 e - 10 rations {!d}


   Skills:
 - Level 3.2 Fighting
 * Level 5.3 Axes
 - Level 3.1 Armour
 + Level 4.6 Shields
 + Level 5.2 Invocations


You had 6 spell levels left.
You didn't know any spells.
Your spell library was empty.

Dungeon Overview and Level Annotations

Branches:
Dungeon (5/12)
 Temple: D:4-7

Annotations:
D:5 2 runed doors


Innate Abilities, Weirdness & Mutations

You have an increased reservoir of magic. (+10% MP)


Message History

* * * LOW HITPOINT WARNING * * *
As you read the scroll of fog, it crumbles to dust.
The scroll dissolves into smoke.
You feel sick. Something hits you but does no damage.
You block something's attack.
You feel sick.
You feel sick.
You hear some strange, mumbled words.
A magic dart appears from out of thin air!
The magic dart hits you.
* * * LOW HITPOINT WARNING * * *
Okay, then.
Okay, then.
Evoke which item? (* to show all) (? for menu, Esc to quit)
Okay, then.
It was a potion of cancellation.
Your magical effects are unravelling.
You feel magically purged.
You feel a little less mighty now.
You die...
Your divinity fades.

.## ..# #.. #.# +.#
+.## #§§####
##§§§..## #§§{@§..#
#§###§..# #§§§##..##
##§#.#[..############
## #..............#
#...............
#.#####...#####. #.#
#...# ## ..# #...# #


There were no monsters in sight!

Vanquished Creatures
  A sky beast (D:4)
  An ice beast (D:5)
  2 centaur zombies (Ossuary)
  2 crimson imps (D:4)
  An orc wizard (D:5)
  A hound (D:4)
  A bullfrog skeleton (D:4)
  An orc priest (D:4)
  2 iguanas
  Ijyb (D:3)
  3 worker ants
  A hound zombie (D:5)
  2 mummies (Ossuary)
  5 adders
  A shadow imp (D:5)
  An ooze (D:1)
  An adder zombie (Ossuary)
  3 worms
  3 dart slugs
  3 leopard geckos
  16 orcs
  3 bats
  9 giant cockroaches
  2 goblins (D:2)
  8 hobgoblins
  2 jackals (D:2)
  5 quokkas
  9 frilled lizards
  A goblin zombie (Ossuary)
  11 hobgoblin zombies (Ossuary)
  A jackal zombie (Ossuary)
  5 kobolds
  10 kobold zombies (Ossuary)
  4 orc zombies (Ossuary)
  7 rats
  A rat zombie (Ossuary)
130 creatures vanquished.

Notes
Turn   | Place    | Note
-------+----------+-------------------------------------------
     0 | D:1      | Mehrunes the Demigod Fighter began the quest for the Orb.
     0 | D:1      | Reached XP level 1. HP: 18/18 MP: 3/3
   391 | D:1      | Reached skill level 1 in Invocations
   391 | D:1      | Reached XP level 2. HP: 24/25 MP: 5/5
  1227 | D:2      | Reached XP level 3. HP: 24/30 MP: 6/6
  1339 | D:2      | Reached * piety under Demigod
  1521 | D:2      | Reached XP level 4. HP: 37/38 MP: 7/7
  1942 | D:3      | Found a faded altar of an unknown god.
  2221 | D:3      | Noticed Ijyb
  2243 | D:3      | Killed Ijyb
  2738 | D:3      | Reached XP level 5. HP: 37/45 MP: 9/9
  3049 | D:3      | Found an opulent altar of Gozag.
  3074 | D:3      | Found a sparkling altar of Nemelex Xobeh.
  3327 | D:3      | Found a hazy altar of Hepliaklqana.
  3483 | D:4      | Found a sand-covered staircase.
  3625 | Ossuary  | Entered an ossuary
  3693 | Ossuary  | Reached ** piety under Demigod
  4120 | Ossuary  | Reached XP level 6. HP: 47/51 MP: 11/11
  4594 | D:4      | Noticed a sky beast
  4864 | D:4      | Killed a sky beast
  4864 | D:4      | Reached XP level 7. HP: 55/57 MP: 13/13
  5029 | D:4      | Reached *** piety under Demigod
  5352 | D:5      | Entered Level 5 of the Dungeon
  5388 | D:5      | Found a large runed door.
  5388 | D:5      | Found a large runed door.
  5403 | D:5      | Reached skill level 5 in Axes
  5430 | D:5      | Reached skill level 5 in Invocations
  5433 | D:5      | HP: 2/57 [worker ant (6)]
  5441 | D:5      | HP: 1/57 [something/magic dart (5)]
  5442 | D:5      | Succumbed to a worker ant's poison

Skill      XL: |  1  2  3  4  5  6  7 |
---------------+----------------------+-----
Axes           | 2 3 4 5 |  5.3
Invocations    | 1 2 3 4 5 |  5.2
Fighting       | 3 |  3.2
Armour         | 3 |  3.1
Shields        | 3 4 |  4.6

Action                   |  1- 3 |  4- 6 |  7- 9 || total
-------------------------+-------+-------+-------++-------
Melee: War axe           |   102 |   342 |    61 ||   505
       Unarmed           |       |    13 |       ||    13
 Fire: Hunting sling     |       |    10 |     3 ||    13
  Use: Scroll            |     3 |     4 |     1 ||     8
       Potion            |       |     5 |     3 ||     8
  Eat: Chunk             |     2 |     8 |     2 ||    12
       Ration            |       |     1 |       ||     1
Armor: Scale mail        |    39 |    31 |       ||    70
       Skin              |       |     2 |       ||     2
       Chain mail        |       |   109 |    39 ||   148
Dodge: Dodged            |    26 |    67 |    16 ||   109
Block: Medium shield     |    52 |   169 |    37 ||   258
